 Dungeon Crawl Stone Soup version 0.20-a0-513-g02c11fc (webtiles) character file.

20 polly the Conjurer (level 2, -1/11 HPs)
             Began as a Felid Conjurer on Jan 23, 2017.
             Slain by a worm (12 damage)
             ... on level 2 of the Dungeon.
             The game lasted 00:02:35 (874 turns).

polly the Conjurer (Felid Conjurer)                  Turns: 874, Time: 00:02:36

Health: -1/11      AC:  1    Str:  4    XL:     2   Next: 58%
Magic:  1/6        EV: 18    Int: 16    God:
Gold:   68         SH:  0    Dex: 16    Spells: 4/5 levels left
                                        Lives:  0   Deaths: 0

rFire    . . .     SeeInvis +   (weapon unavailable)
rCold    . . .     Gourm    .   (armour unavailable)
rNeg     . . .     Faith    .   (shield unavailable)
rPois    .         Spirit   .   (helmet unavailable)
rElec    .         Reflect  .   (cloak unavailable)
rCorr    .         Harm     .   (gloves unavailable)
MR       .....                  (boots unavailable)
Stlth    +++.......             (no amulet)
Regen    0.1/turn               (no ring)
                                (no ring)

@: quick
A: no armour, no weapons or thrown items, stealth, claws 1, fangs 3, see
invisible, carnivore 3, speed 1, shaggy fur 1, slow metabolism 1, sharp paws
a: no special abilities


You were on level 2 of the Dungeon.
You were not hungry.

You visited 1 branch of the dungeon, and saw 2 of its levels.

You collected 68 gold pieces.

Inventory:

Jewellery
 g - an uncursed ring of protection from magic {unknown}
Scrolls
 d - 2 scrolls of remove curse {unknown}
 e - a scroll of enchant armour {unknown}
 h - 4 scrolls of identify {unknown}
Potions
 c - 2 potions of might {unknown}
 f - 2 potions of curing {unknown}
Books
 a - a book of Conjurations

   Spells                             Type                      Level
   a - Magic Dart                     Conjuration                  1
   b - Searing Ray                    Conjuration                  2
   c - Dazzling Spray                 Conjuration/Hexes            3
   d - Fulminant Prism                Conjuration/Hexes            4
   e - Iskenderun's Mystic Blast      Conjuration                  4
   f - Iskenderun's Battlesphere      Conjuration/Charms           5
Comestibles
 b - 2 meat rations


   Skills:
 + Level 2.8 Dodging
 + Level 2.9 Stealth
 + Level 2.2 Spellcasting
 + Level 4.1 Conjurations


You had 4 spell levels left.
You knew the following spells:

 Your Spells              Type           Power        Failure   Level  Hunger
a - Magic Dart            Conj           ##..         4%          1    #......


Dungeon Overview and Level Annotations

Branches:
Dungeon (2/15)

Altars:


Innate Abilities, Weirdness & Mutations

You cannot wear armour.
You are incapable of wielding weapons or throwing items.
Your paws allow you to move quietly. (Stealth)
You have sharp claws.
You have razor-sharp teeth.
You have supernaturally acute eyesight. (SInv)
You are carnivorous and can eat meat at any time.
You cover ground quickly.
You are covered in fur. (AC +1)
You have a slow metabolism.
Your sharp claws are effective at attacking unaware monsters.


Message History

Aim: a worm The magic dart hits the worm.
The worm is lightly wounded.
Casting: Magic Dart
Confirm with . or Enter, or press ? or * to list all spells.
Aiming: Magic Dart
Press: ? - help, Shift-Dir - straight line, f/p - worm
Aim: a worm (lightly wounded)
The magic dart hits the worm.
The worm is moderately wounded.
Casting: Magic Dart
Confirm with . or Enter, or press ? or * to list all spells.
Aiming: Magic Dart
Press: ? - help, Shift-Dir - straight line, f/p - worm
Aim: a worm (moderately wounded)
The magic dart hits the worm.
The worm is moderately wounded.
The worm bites you!
Ouch! That really hurt!
You die...

### ... ....
..... .....####
.....<..#####..
.....#.<.......
.......@.......
.......w†..g...
...............
...............
##.............
#.............
#..#..........
#.............


You could see a worm and a goblin.

Vanquished Creatures
  2 dart slugs (D:1)
  4 bats
  2 goblins
  2 hobgoblins (D:1)
  2 frilled lizards (D:1)
  2 kobolds (D:1)
14 creatures vanquished.

Notes
Turn   | Place    | Note
-------+----------+-------------------------------------------
     0 | D:1      | polly the Felid Conjurer began the quest for the Orb.
     0 | D:1      | Reached XP level 1. HP: 7/7 MP: 4/4
   186 | D:1      | Reached XP level 2. HP: 11/11 MP: 4/6
   482 | D:1      | Reached skill level 4 in Conjurations
   874 | D:2      | Slain by a worm

Vault maps used:
D:1:      dpeg_arrival_shelter
D:2:      first_bread, uniq_natasha, uniq_terence, uniq_iyjb

Skill      XL: |  1  2 |
---------------+-------+-----
Conjurations   | 4 |  4.1
Dodging        | |  2.8
Stealth        | |  2.9
Spellcasting   | |  2.2

Action                   || total
-------------------------++-------
Melee: Unarmed           ||     6
       Bite              ||     1
 Cast: Magic Dart        ||    28
 Stab: Sleeping          ||     2
  Eat: Chunk             ||     1
Dodge: Dodged            ||     5
